Workbook

Sheet Приложение 1
C1: Приложение 1 к решению Совета депутатов Белозерьевского сельского поселения Ромодановского муниципального района Республики Мордовия «О внесении изменений в решение Совета депутатов Белозерьевского сельского поселения Ромодановского муниципального района Республики Мордовия от 26 декабря 2024 г №61 «О бюджете Белозерьевского сельского поселения Ромодановского муниципального района Республики Мордовия на 2025 год и на плановый период 2026 и 2027 годов» Приложение 2 к решению Совета депутатов Белозерьевского сельского поселения Ромодановского муниципального района Республики Мордовия «О бюджете Белозерьевского сельского поселения Ромодановского муниципального района Республики Мордовия на 2025 год и на плановый период 2026 и 2027 годов»
A6: ОБЪЕМ БЕЗВОЗМЕЗДНЫХ ПОСТУПЛЕНИЙ В БЮДЖЕТ БЕЛОЗЕРЬЕВСКОГО СЕЛЬСКОГО ПОСЕЛЕНИЯ РОМОДАНОВСКОГО МУНИЦИПАЛЬНОГО РАЙОНА РЕСПУБЛИКИ МОРДОВИЯ НА 2025 ГОД И НА ПЛАНОВЫЙ ПЕРИОД 2026 И 2027 ГОДОВ
E7: (тыс. рублей)
A8: Код | B8: Наименование | C8: Сумма
C9: 2025 год | D9: 2026 год | E9: 2027 год
A10: 1 | B10: 2 | C10: 3 | D10: 4 | E10: 5
A11: 2 00 00000 00 0000 000 | B11: БЕЗВОЗМЕЗДНЫЕ ПОСТУПЛЕНИЯ | C11: =C12 -> 3411 | D11: =D12 -> 1849 | E11: =E12 -> 1869.4
A12: 2 02 00000 00 0000 000 | B12: Безвозмездные поступления от других бюджетов бюджетной системы Российской Федерации | C12: =C13+C18+C23 -> 3411 | D12: =D13+D18+D23 -> 1849 | E12: =E13+E18+E23 -> 1869.4
A13: 2 02 10000 00 0000 150 | B13: Дотации бюджетам бюджетной системы Российской Федерации | C13: =C14+C16 -> 1598.3 | D13: =D14 -> 1164.6 | E13: =E14 -> 1161.7
A14: 2 02 15001 00 0000 150 | B14: Дотации на выравнивание бюджетной обеспеченности | C14: =C15 -> 1394.9 | D14: =D15 -> 1164.6 | E14: =E15 -> 1161.7
A15: 2 02 15001 10 0000 150 | B15: Дотации бюджетам сельских поселений на выравнивание бюджетной обеспеченности из бюджета субъекта Российской Федерации | C15: 1394.9 | D15: 1164.6 | E15: 1161.7
A16: 2 02 15002 00 0000 150 | B16: Дотация бюджетам на поддержку мер по обеспечению сбалансированности бюджетов | C16: =C17 -> 203.4
A17: 2 02 15002 10 0000 150 | B17: Дотации бюджетам сельских поселений на поддержку мер по обеспечению сбалансированности бюджетов | C17: 203.4
A18: 2 02 30000 00 0000 150 | B18: Субвенции бюджетам бюджетной системы Российской Федерации | C18: =C19+C21 -> 437.7 | D18: =D19+D21 -> 472.4 | E18: =E19+E21 -> 487.7
A19: 2 02 30024 00 0000 150 | B19: Субвенции местным бюджетам на выполнение передаваемых полномочий субъектов Российской Федерации | C19: =C20 -> 2.4 | D19: =D20 -> 2.5 | E19: =E20 -> 2.6
A20: 2 02 30024 10 0000 150 | B20: Субвенции бюджетам сельских поселений на выполнение передаваемых полномочий субъектов Российской Федерации | C20: 2.4 | D20: 2.5 | E20: 2.6
A21: 2 02 35118 00 0000 150 | B21: Субвенции бюджетам на осуществление первичного воинского учета органами местного самоуправления поселений,муниципальных и городских округов | C21: =C22 -> 435.3 | D21: =D22 -> 469.9 | E21: =E22 -> 485.1
A22: 2 02 35118 10 0000 150 | B22: Субвенции бюджетам сельских поселений на осуществление первичного воинского учета органами местного самоуправления поселений,муниципальных и городских округов | C22: 435.3 | D22: 469.9 | E22: 485.1
A23: 2 02 40000 00 0000 150 | B23: Иные межбюджетные трансферты | C23: =C24 -> 1375 | D23: =D24 -> 212 | E23: =E24 -> 220
A24: 2 02 40014 00 0000 150 | B24: Межбюджетные трансферты, передаваемые бюджетам муниципальных образований на осуществление части полномочий по решению вопросов местного значения в соответствии с заключенными соглашениями | C24: =C25 -> 1375 | D24: =D25 -> 212 | E24: =E25 -> 220
A25: 2 02 40014 10 0000 150 | B25: Межбюджетные трансферты, передаваемые бюджетам сельских поселений из бюджетов муниципальных районов на осуществление части полномочий по решению вопросов местного значения в соответствии с заключенными соглашениями | C25: 1375 | D25: 212 | E25: 220

Sheet Приложение 2
I1: Приложение 2 к решению Совета депутатов Белозерьевского сельского поселения Ромодановского муниципального района Республики Мордовия «О внесении изменений в решение Совета депутатов Белозерьевского сельского поселения Ромодановского муниципального района Республики Мордовия от 26 декабря 2024 г №61 «О бюджете Белозерьевского сельского поселения Ромодановского муниципального района Республики Мордовия на 2025 год и на плановый период 2026 и 2027 годов» Приложение 3 к решению Совета депутатов Белозерьевского сельского поселения Ромодановского муниципального района Республики Мордовия «О бюджете Белозерьевского сельского поселения Ромодановского муниципального района Республики Мордовия на 2025 год и на плановый период 2026 и 2027 годов»
A2: ВЕДОМСТВЕННАЯ СТРУКТУРА РАСХОДОВ БЮДЖЕТА БЕЛОЗЕРЬЕВСКОГО СЕЛЬСКОГО ПОСЕЛЕНИЯ РОМОДАНОВСКОГО МУНИЦИПАЛЬНОГО РАЙОНА РЕСПУБЛИКИ МОРДОВИЯ НА 2025 ГОД И НА ПЛАНОВЫЙ ПЕРИОД 2026 И 2027 ГОДОВ
I3: (тыс. рублей)
A4: Наименование | B4: Адм | C4: Рз | D4: Прз | E4: Цср | I4: Вр | J4: Сумма
J5: 2025 год | K5: 2026 год | L5: 2027 год
A6: 1 | B6: 2 | C6: 3 | D6: 4 | E6: 5 | F6: 6 | G6: 7 | H6: 8 | I6: 9 | J6: 10 | K6: 11 | L6: 12
A7: Администрация Белозерьевского сельского поселения Ромодановского муниципального района Республики Мордовия | B7: 911 | J7: =J8+J43+J52+J71+J82+J89 -> 5256.3 | K7: =K8+K43+K52+K71+K82+K89 -> 3452.9 | L7: =L8+L43+L52+L71+L82+L89 -> 3537.6
A8: Общегосударственные вопросы | B8: 911 | C8: 01 | J8: =J9+J15+J31+J37 -> 2773.1 | K8: =K9+K15+K31 -> 2067.9 | L8: =L9+L15+L31 -> 1992
A9: Функционирование высшего должностного лица субъекта Российской Федерации и муниципального образования | B9: 911 | C9: 01 | D9: 02 | J9: =J10 -> 1163.2 | K9: =K10 -> 1097.3 | L9: =L10 -> 1019.3
A10: Обеспечение деятельности Администрации Белозерьевского сельского поселения Ромодановского муниципального района Республики Мордовия | B10: 911 | C10: 01 | D10: 02 | E10: 65 | J10: =J11 -> 1163.2 | K10: =K11 -> 1097.3 | L10: =L11 -> 1019.3
A11: Высшее должностное лицо | B11: 911 | C11: 01 | D11: 02 | E11: 65 | F11: 1 | J11: =J12 -> 1163.2 | K11: =K12 -> 1097.3 | L11: =L12 -> 1019.3
A12: Расходы на выплаты по оплате труда высшего должностного лица | B12: 911 | C12: 01 | D12: 02 | E12: 65 | F12: 1 | G12: 00 | H12: 41150 | J12: =J13 -> 1163.2 | K12: =K13 -> 1097.3 | L12: =L13 -> 1019.3
A13: Расходы на выплаты персоналу в целях обеспечения выполнения функций государственными (муниципальными) органами, казенными учреждениями, органами управления государственными внебюджетными фондами | B13: 911 | C13: 01 | D13: 02 | E13: 65 | F13: 1 | G13: 00 | H13: 41150 | I13: 100 | J13: =J14 -> 1163.2 | K13: =K14 -> 1097.3 | L13: =L14 -> 1019.3
A14: Расходы на выплаты персоналу государственных (муниципальных) органов | B14: 911 | C14: 01 | D14: 02 | E14: 65 | F14: 1 | G14: 00 | H14: 41150 | I14: 120 | J14: 1163.2 | K14: 1097.3 | L14: 1019.3
A15: Функционирование Правительства Российской Федерации, высших исполнительных органов субъектов Российской Федерации, местных администраций | B15: 911 | C15: 01 | D15: 04 | J15: =J16+J26 -> 1545.5 | K15: =K16+K26 -> 920.6 | L15: =L16+L26 -> 922.7
A16: =A10 -> Обеспечение деятельности Администрации Белозерьевского сельского поселения Ромодановского муниципального района Республики Мордовия | B16: 911 | C16: 01 | D16: 04 | E16: 65 | J16: =J17 -> 1543.1 | K16: =K17 -> 918.1 | L16: =L17 -> 920.1
A17: Расходы в рамках обеспечения деятельности Администрации Белозерьевского сельского поселения | B17: 911 | C17: 01 | D17: 04 | E17: 65 | F17: 2 | J17: =J18+J21 -> 1543.1 | K17: =K18+K21 -> 918.1 | L17: =L18+L21 -> 920.1
A18: Расходы на выплаты по оплате труда работников органов местного самоуправления | B18: 911 | C18: 01 | D18: 04 | E18: 65 | F18: 2 | G18: 00 | H18: 41110 | J18: =J19 -> 334.1 | K18: =K19 -> 390.6 | L18: =L19 -> 390.6
A19: Расходы на выплаты персоналу в целях обеспечения выполнения функций государственными (муниципальными) органами, казенными учреждениями, органами управления государственными внебюджетными фондами | B19: 911 | C19: 01 | D19: 04 | E19: 65 | F19: 2 | G19: 00 | H19: 41110 | I19: 100 | J19: =J20 -> 334.1 | K19: =K20 -> 390.6 | L19: =L20 -> 390.6
A20: Расходы на выплаты персоналу государственных (муниципальных) органов | B20: 911 | C20: 01 | D20: 04 | E20: 65 | F20: 2 | G20: 00 | H20: 41110 | I20: 120 | J20: 334.1 | K20: 390.6 | L20: 390.6
A21: Расходы на обеспечение выполнения функций органов местного самоуправления | B21: 911 | C21: 01 | D21: 04 | E21: 65 | F21: 2 | G21: 00 | H21: 41120 | J21: =J22+J24 -> 1209 | K21: =K22+K24 -> 527.5 | L21: =L22+L24 -> 529.5
A22: Закупка товаров, работ и услуг для обеспечения государственных (муниципальных) нужд | B22: 911 | C22: 01 | D22: 04 | E22: 65 | F22: 2 | G22: 00 | H22: 41120 | I22: 200 | J22: =J23 -> 1197.5 | K22: =K23 -> 513.5 | L22: =L23 -> 517.5
A23: Иные закупки товаров, работ и услуг для обеспечения государственных (муниципальных) нужд | B23: 911 | C23: 01 | D23: 04 | E23: 65 | F23: 2 | G23: 00 | H23: 41120 | I23: 240 | J23: 1197.5 | K23: 513.5 | L23: 517.5
A24: Иные бюджетные ассигнования | B24: 911 | C24: 01 | D24: 04 | E24: 65 | F24: 2 | G24: 00 | H24: 41120 | I24: 800 | J24: =J25 -> 11.5 | K24: =K25 -> 14 | L24: =L25 -> 12
A25: Уплата налогов, сборов и иных платежей | B25: 911 | C25: 01 | D25: 04 | E25: 65 | F25: 2 | G25: 00 | H25: 41120 | I25: 850 | J25: 11.5 | K25: 14 | L25: 12
A26: Непрограммные расходы главных распорядителей средств бюджета Белозерьевского сельского поселения Ромодановского муниципального района Республики Мордовия | B26: 911 | C26: 01 | D26: 04 | E26: 89 | J26: =J27 -> 2.4 | K26: =K27 -> 2.5 | L26: =L27 -> 2.6
A27: Непрограммные расходы в рамках обеспечения деятельности главных распорядителей средств бюджета Белозерьевского сельского поселения Ромодановского муниципального района Республики Мордовия | B27: 911 | C27: 01 | D27: 04 | E27: 89 | F27: 1 | J27: =J28 -> 2.4 | K27: =K28 -> 2.5 | L27: =L28 -> 2.6
A28: Осуществление государственных полномочий Республики Мордовия по определению перечня должностных лиц, уполномоченных составлять протоколы об административных правонарушениях, предусмотренных Законом Республики Мордовия от 15 июня 2015 года № 38-З "Об административной ответственности на территории Республики Мордовия" | B28: 911 | C28: 01 | D28: 04 | E28: 89 | F28: 1 | G28: 00 | H28: 77150 | J28: =J29 -> 2.4 | K28: =K29 -> 2.5 | L28: =L29 -> 2.6
A29: Закупка товаров, работ и услуг для обеспечения государственных (муниципальных) нужд | B29: 911 | C29: 01 | D29: 04 | E29: 89 | F29: 1 | G29: 00 | H29: 77150 | I29: 200 | J29: =J30 -> 2.4 | K29: =K30 -> 2.5 | L29: =L30 -> 2.6
A30: Иные закупки товаров, работ и услуг для обеспечения государственных (муниципальных) нужд | B30: 911 | C30: 01 | D30: 04 | E30: 89 | F30: 1 | G30: 00 | H30: 77150 | I30: 240 | J30: 2.4 | K30: 2.5 | L30: 2.6
A31: Резервные фонды | B31: 911 | C31: 01 | D31: 11 | J31: =J32 -> 50 | K31: =K32 -> 50 | L31: =L32 -> 50
A32: Непрограммные расходы главных распорядителей бюджетных средств Белозерьевского сельского поселения Ромодановского муниципального района Республики Мордовия | B32: 911 | C32: 01 | D32: 11 | E32: 89 | J32: =J33 -> 50 | K32: =K33 -> 50 | L32: =L33 -> 50
A33: Непрограммные расходы в рамках обеспечения деятельности главных распорядителей бюджетных средств Белозерьевского сельского поселения Ромодановского муниципального района Республики Мордовия | B33: 911 | C33: 01 | D33: 11 | E33: 89 | F33: 1 | J33: =J34 -> 50 | K33: =K34 -> 50 | L33: =L34 -> 50
A34: Резервный фонд администрации Белозерьевского сельского поселения Ромодановского муниципального района Республики Мордовия | B34: 911 | C34: 01 | D34: 11 | E34: 89 | F34: 1 | G34: 00 | H34: 41180 | J34: =J36 -> 50 | K34: =K36 -> 50 | L34: =L35 -> 50
A35: Иные бюджетные ассигнования | B35: 911 | C35: 01 | D35: 11 | E35: 89 | F35: 1 | G35: 00 | H35: 41180 | I35: 800 | J35: =J36 -> 50 | K35: =K36 -> 50 | L35: =L36 -> 50
A36: Резервные средства | B36: 911 | C36: 01 | D36: 11 | E36: 89 | F36: 1 | G36: 00 | H36: 41180 | I36: 870 | J36: 50 | K36: 50 | L36: 50
A37: Другие общегосударственные вопросы | B37: 911 | C37: 01 | D37: 13 | J37: =J38 -> 14.4
A38: =A32 -> Непрограммные расходы главных распорядителей бюджетных средств Белозерьевского сельского поселения Ромодановского муниципального района Республики Мордовия | B38: 911 | C38: 01 | D38: 13 | E38: 89 | J38: =J39 -> 14.4
A39: =A33 -> Непрограммные расходы в рамках обеспечения деятельности главных распорядителей бюджетных средств Белозерьевского сельского поселения Ромодановского муниципального района Республики Мордовия | B39: 911 | C39: 01 | D39: 13 | E39: 89 | F39: 1 | J39: =J40 -> 14.4
A40: Мероприятия,связанные с муниципальным управлением | B40: 911 | C40: 01 | D40: 13 | E40: 89 | F40: 1 | G40: 00 | H40: 41210 | J40: =J41 -> 14.4
A41: =A35 -> Иные бюджетные ассигнования | B41: 911 | C41: 01 | D41: 13 | E41: 89 | F41: 1 | G41: 00 | H41: 41210 | I41: 800 | J41: =J42 -> 14.4
A42: Уплата налогов, сборов и иных платежей | B42: 911 | C42: 01 | D42: 13 | E42: 89 | F42: 1 | G42: 00 | H42: 41210 | I42: 850 | J42: 14.4
A43: Национальная оборона | B43: 911 | C43: 02 | J43: =J44 -> 435.3 | K43: =K44 -> 469.9 | L43: =L44 -> 485.1
A44: Мобилизационная и вневойсковая подготовка | B44: 911 | C44: 02 | D44: 03 | J44: =J45 -> 435.3 | K44: =K45 -> 469.9 | L44: =L45 -> 485.1
A45: =A32 -> Непрограммные расходы главных распорядителей бюджетных средств Белозерьевского сельского поселения Ромодановского муниципального района Республики Мордовия | B45: 911 | C45: 02 | D45: 03 | E45: 89 | J45: =J46 -> 435.3 | K45: =K46 -> 469.9 | L45: =L46 -> 485.1
A46: =A33 -> Непрограммные расходы в рамках обеспечения деятельности главных распорядителей бюджетных средств Белозерьевского сельского поселения Ромодановского муниципального района Республики Мордовия | B46: 911 | C46: 02 | D46: 03 | E46: 89 | F46: 1 | J46: =J47 -> 435.3 | K46: =K47 -> 469.9 | L46: =L47 -> 485.1
A47: Осуществление государственных полномочий Российской Федерации по воинскому учету в поселениях, на территориях которых отсутствуют структурные подразделения военных комиссариатов | B47: 911 | C47: 02 | D47: 03 | E47: 89 | F47: 1 | G47: 00 | H47: 51180 | J47: =J50+J48 -> 435.3 | K47: =K50+K48 -> 469.9 | L47: =L48+L50 -> 485.1
A48: Расходы на выплаты персоналу в целях обеспечения выполнения функций государственными (муниципальными) органами, казенными учреждениями, органами управления государственными внебюджетными фондами | B48: 911 | C48: 02 | D48: 03 | E48: 89 | F48: 1 | G48: 00 | H48: 51180 | I48: 100 | J48: =J49 -> 430.3 | K48: =K49 -> 464.9 | L48: =L49 -> 480.1
A49: Расходы на выплаты персоналу государственных (муниципальных) органов | B49: 911 | C49: 02 | D49: 03 | E49: 89 | F49: 1 | G49: 00 | H49: 51180 | I49: 120 | J49: 430.3 | K49: 464.9 | L49: 480.1
A50: Закупка товаров, работ и услуг для обеспечения государственных (муниципальных) нужд | B50: 911 | C50: 02 | D50: 03 | E50: 89 | F50: 1 | G50: 00 | H50: 51180 | I50: 200 | J50: =J51 -> 5 | K50: =K51 -> 5 | L50: =L51 -> 5
A51: Иные закупки товаров, работ и услуг для обеспечения государственных (муниципальных) нужд | B51: 911 | C51: 02 | D51: 03 | E51: 89 | F51: 1 | G51: 00 | H51: 51180 | I51: 240 | J51: 5 | K51: 5 | L51: 5
A52: Национальная экономика | B52: 911 | C52: 04 | J52: =J53+J59 -> 1415 | K52: =K53 -> 212 | L52: =L53 -> 220
A53: Дорожное хозяйство (дорожные фонды) | B53: 911 | C53: 04 | D53: 09 | J53: =J54 -> 1355 | K53: =K54 -> 212 | L53: =L54 -> 220
A54: Муниципальная программа «Комплексного развития транспортной инфраструктуры Белозерьевского сельского поселения Ромодановского муниципального района Республики Мордовия на 2024- 2030 года" | B54: 911 | C54: 04 | D54: 09 | E54: 13 | J54: =J56 -> 1355 | K54: =K56 -> 212 | L54: =L55 -> 220
A55: Основное мероприятие " содействие развитию систем автомобильных дорог общего пользования, регионального и или межмуниципального, а так же местного значения" | B55: 911 | C55: 04 | D55: 09 | E55: 13 | F55: 0 | G55: 01 | J55: =J56 -> 1355 | K55: =K56 -> 212 | L55: =L56 -> 220
A56: Иные межбюджетные трансферты на осуществление полномочий по дорожной деятельности в отношении автомобильных дорог местного значения в границах населенных пунктов поселения и обеспечению безопасности дорожного движения на них, включая создание и обеспечение функционирования парковок (парковочных мест), осуществлению муниципального контроля на автомобильном транспорте, городском наземном электрическом транспорте и в дорожном хозяйстве в границах населенных пунктов поселения, организации дорожного движения, а также осуществлению иных полномочий в области использования автомобильных дорог и осуществления дорожной деятельности в соответствии с законодательством Российской Федерации | B56: 911 | C56: 04 | D56: 09 | E56: 13 | F56: 0 | G56: 01 | H56: 9Д184 | J56: =J57 -> 1355 | K56: =K57 -> 212 | L56: =L57 -> 220
A57: Закупка товаров, работ и услуг для обеспечения государственных (муниципальных) нужд | B57: 911 | C57: 04 | D57: 09 | E57: 13 | F57: 0 | G57: 01 | H57: 9Д184 | I57: 200 | J57: =J58 -> 1355 | K57: =K58 -> 212 | L57: =L58 -> 220
A58: Иные закупки товаров, работ и услуг для обеспечения государственных (муниципальных) нужд | B58: 911 | C58: 04 | D58: 09 | E58: 13 | F58: 0 | G58: 01 | H58: 9Д184 | I58: 240 | J58: 1355 | K58: 212 | L58: 220
A59: Другие вопросы в облости национальной экономики | B59: 911 | C59: 04 | D59: 12 | J59: =J60+J66 -> 60
A60: Муниципальная программа "Жилище" на 2024-2030 годы Ромодановского муниципального района | B60: 911 | C60: 04 | D60: 12 | E60: 04 | F60: 0 | J60: =J61 -> 20
A61: Подпрограмма «Развитие жилищного строительства и жилищно-коммунального хозяйства в Ромодановском муниципальном районе на 2024-2030 гг.» | B61: 911 | C61: 04 | D61: 12 | E61: 04 | F61: 2 | J61: =J63 -> 20
A62: Основное мероприятие "Подготовка документов территориального планирования, градостроительного зонирования и документации по планировке территории" | B62: 911 | C62: 04 | D62: 12 | E62: 04 | F62: 2 | G62: 01 | J62: =J63 -> 20
A63: Подготовка описания местоположения границ территориальных зон,проведение мероприятий по разработке (корректировке)документов территориаального планирования и градостроительного зонирования муниципальных образований Республики Мордовия | B63: 911 | C63: 04 | D63: 12 | E63: 04 | F63: 2 | G63: 01 | H63: S6290 | J63: =J64 -> 20
A64: =A57 -> Закупка товаров, работ и услуг для обеспечения государственных (муниципальных) нужд | B64: 911 | C64: 04 | D64: 12 | E64: 04 | F64: 2 | G64: 01 | H64: S6290 | I64: 200 | J64: =J65 -> 20
A65: =A58 -> Иные закупки товаров, работ и услуг для обеспечения государственных (муниципальных) нужд | B65: 911 | C65: 04 | D65: 12 | E65: 04 | F65: 2 | G65: 01 | H65: S6290 | I65: 240 | J65: 20
A66: =A45 -> Непрограммные расходы главных распорядителей бюджетных средств Белозерьевского сельского поселения Ромодановского муниципального района Республики Мордовия | B66: 911 | C66: 04 | D66: 12 | E66: 89 | J66: =J67 -> 40
A67: =A46 -> Непрограммные расходы в рамках обеспечения деятельности главных распорядителей бюджетных средств Белозерьевского сельского поселения Ромодановского муниципального района Республики Мордовия | B67: 911 | C67: 04 | D67: 12 | E67: 89 | F67: 1 | J67: =J68 -> 40
A68: Мероприятия по землеустройству и землепользованию | B68: 911 | C68: 04 | D68: 12 | E68: 89 | F68: 1 | G68: 00 | H68: 42370 | J68: =J69 -> 40
A69: =A64 -> Закупка товаров, работ и услуг для обеспечения государственных (муниципальных) нужд | B69: 911 | C69: 04 | D69: 12 | E69: 89 | F69: 1 | G69: 00 | H69: 42370 | I69: 200 | J69: =J70 -> 40
A70: =A65 -> Иные закупки товаров, работ и услуг для обеспечения государственных (муниципальных) нужд | B70: 911 | C70: 04 | D70: 12 | E70: 89 | F70: 1 | G70: 00 | H70: 42370 | I70: 240 | J70: 40
A71: Жилищно-коммунальное хозяйство | B71: 911 | C71: 05 | J71: =J72 -> 527.6 | K71: =K72 -> 536.3 | L71: =L72 -> 595.7
A72: Благоустройство | B72: 911 | C72: 05 | D72: 03 | J72: =J73 -> 527.6 | K72: =K73 -> 536.3 | L72: =L73 -> 595.7
A73: Муниципальная программа "Комплексного развития социальной инфраструктуры Белозерьевского сельского поселения Ромодановского муниципального района Республики Мордовия на 2018-2030 года" | B73: 911 | C73: 05 | D73: 03 | E73: 10 | J73: =J74+J78 -> 527.6 | K73: =K78+K74 -> 536.3 | L73: =L74+L78 -> 595.7
A74: Основное мероприятие "Благоустройство территории " | B74: 911 | C74: 05 | D74: 03 | E74: 10 | F74: 0 | G74: 07 | J74: =J75 -> 420.4 | K74: =K75 -> 436.3 | L74: =L75 -> 495.7
A75: Прочие мероприятия по благоустройству | B75: 911 | C75: 05 | D75: 03 | E75: 10 | F75: 0 | G75: 07 | H75: 43040 | J75: =J76 -> 420.4 | K75: =K76 -> 436.3 | L75: =L76 -> 495.7
A76: Закупка товаров, работ и услуг для обеспечения государственных (муниципальных) нужд | B76: 911 | C76: 05 | D76: 03 | E76: 10 | F76: 0 | G76: 07 | H76: 43040 | I76: 200 | J76: =J77 -> 420.4 | K76: =K77 -> 436.3 | L76: =L77 -> 495.7
A77: Иные закупки товаров, работ и услуг для обеспечения государственных (муниципальных) нужд | B77: 911 | C77: 05 | D77: 03 | E77: 10 | F77: 0 | G77: 07 | H77: 43040 | I77: 240 | J77: 420.4 | K77: 436.3 | L77: 495.7
A78: Основное мероприятие " Освещение территории сельского поселения " | B78: 911 | C78: 05 | D78: 03 | E78: 10 | F78: 0 | G78: 08 | J78: =J79 -> 107.2 | K78: =K79 -> 100 | L78: =L79 -> 100
A79: Уличное освещение | B79: 911 | C79: 05 | D79: 03 | E79: 10 | F79: 0 | G79: 08 | H79: 43010 | J79: =J80 -> 107.2 | K79: =K80 -> 100 | L79: =L80 -> 100
A80: Закупка товаров, работ и услуг для обеспечения государственных (муниципальных) нужд | B80: 911 | C80: 05 | D80: 03 | E80: 10 | F80: 0 | G80: 08 | H80: 43010 | I80: 200 | J80: =J81 -> 107.2 | K80: =K81 -> 100 | L80: =L81 -> 100
A81: Иные закупки товаров, работ и услуг для обеспечения государственных (муниципальных) нужд | B81: 911 | C81: 05 | D81: 03 | E81: 10 | F81: 0 | G81: 08 | H81: 43010 | I81: 240 | J81: 107.2 | K81: 100 | L81: 100
A82: Социальная политика | B82: 911 | C82: 10 | J82: =J83 -> 105.3 | K82: =K83 -> 92.3 | L82: =L84 -> 92.3
A83: Пенсионное обеспечение | B83: 911 | C83: 10 | D83: 01 | J83: =J84 -> 105.3 | K83: =K84 -> 92.3 | L83: =L84 -> 92.3
A84: Непрограммные расходы главных распорядителей средств бюджета Белозерьевского сельского поселения Ромодановского муниципального района Республики Мордовия | B84: 911 | C84: 10 | D84: 01 | E84: 89 | J84: =J85 -> 105.3 | K84: =K85 -> 92.3 | L84: =L85 -> 92.3
A85: Непрограммные расходы в рамках обеспечения деятельности главных распорядителей средств бюджета Белозерьевского сельского поселения Ромодановского муниципального района Республики Мордовия | B85: 911 | C85: 10 | D85: 01 | E85: 89 | F85: 1 | J85: =J86 -> 105.3 | K85: =K86 -> 92.3 | L85: =L86 -> 92.3
A86: Доплаты к пенсиям муниципальных служащих Республики Мордовия | B86: 911 | C86: 10 | D86: 01 | E86: 89 | F86: 1 | G86: 00 | H86: 03010 | J86: =J87 -> 105.3 | K86: =K87 -> 92.3 | L86: =L87 -> 92.3
A87: Социальное обеспечение и иные выплаты населению | B87: 911 | C87: 10 | D87: 01 | E87: 89 | F87: 1 | G87: 00 | H87: 03010 | I87: 300 | J87: =J88 -> 105.3 | K87: =K88 -> 92.3 | L87: =L88 -> 92.3
A88: Публичные нормативные социальные выплаты гражданам | B88: 911 | C88: 10 | D88: 01 | E88: 89 | F88: 1 | G88: 00 | H88: 03010 | I88: 310 | J88: 105.3 | K88: 92.3 | L88: 92.3
A89: Условно утвержденные расходы | B89: 911 | C89: 99 | J89: =J91 -> 0 | K89: =K90 -> 74.5 | L89: =L90 -> 152.5
A90: Условно утвержденные расходы | B90: 911 | C90: 99 | D90: 99 | J90: =J91 -> 0 | K90: =K91 -> 74.5 | L90: =L91 -> 152.5
A91: =A10 -> Обеспечение деятельности Администрации Белозерьевского сельского поселения Ромодановского муниципального района Республики Мордовия | B91: 911 | C91: 99 | D91: 99 | E91: 65 | J91: =J92 -> 0 | K91: =K92 -> 74.5 | L91: =L92 -> 152.5
A92: Высшее должностное лицо | B92: 911 | C92: 99 | D92: 99 | E92: 65 | F92: 1 | J92: =J93 -> 0 | K92: =K93 -> 74.5 | L92: =L93 -> 152.5
A93: Условно утвержденные расходы | B93: 911 | C93: 99 | D93: 99 | E93: 65 | F93: 1 | G93: 00 | H93: 41990 | J93: =J94 -> 0 | K93: =K94 -> 74.5 | L93: =L94 -> 152.5
A94: Иные бюджетные ассигнования | B94: 911 | C94: 99 | D94: 99 | E94: 65 | F94: 1 | G94: 00 | H94: 41990 | I94: 800 | J94: =J95 -> 0 | K94: =K95 -> 74.5 | L94: =L95 -> 152.5
A95: Резервные средства | B95: 911 | C95: 99 | D95: 99 | E95: 65 | F95: 1 | G95: 00 | H95: 41990 | I95: 870 | J95: 0 | K95: 74.5 | L95: 152.5

Sheet Приложение 3
H1: Приложение 3 к решению Совета депутатов Белозерьевского сельского поселения Ромодановского муниципального района Республики Мордовия «О внесении изменений в решение Совета депутатов Белозерьевского сельского поселения Ромодановского муниципального района Республики Мордовия от 26 декабря 2024 г №61 «О бюджете Белозерьевского сельского поселения Ромодановского муниципального района Республики Мордовия на 2025 год и на плановый период 2026 и 2027 годов» Приложение 4 к решению Совета депутатов Белозерьевского сельского поселения Ромодановского муниципального района Республики Мордовия «О бюджете Белозерьевского сельского поселения Ромодановского муниципального района Республики Мордовия на 2025 год и на плановый период 2026 и 2027 годов»
A2: РАСПРЕДЕЛЕНИЕ БЮДЖЕТНЫХ АССИГНОВАНИЙ БЮДЖЕТА БЕЛОЗЕРЬЕВСКОГО СЕЛЬСКОГО ПОСЕЛЕНИЯ РОМОДАНОВСКОГО МУНИЦИПАЛЬНОГО РАЙОНА РЕСПУБЛИКИ МОРДОВИЯ ПО РАЗДЕЛАМ, ПОДРАЗДЕЛАМ, ЦЕЛЕВЫМ СТАТЬЯМ (МУНИЦИПАЛЬНЫМ ПРОГРАММАМ И НЕПРОГРАММНЫМ НАПРАВЛЕНИЯМ ДЕЯТЕЛЬНОСТИ), ГРУППАМ И ПОДГРУППАМ ВИДОВ РАСХОДОВ КЛАССИФИКАЦИИ РАСХОДОВ БЮДЖЕТОВ НА 2025 ГОД И НА ПЛАНОВЫЙ ПЕРИОД 2026 И 2027 ГОДОВ
H3: (тыс. рублей)
A4: Наименование | B4: Рз | C4: Прз | D4: Цср | H4: Вр | I4: Сумма
I5: 2025 год | J5: 2026 год | K5: 2027 год
A6: 1 | B6: 2 | C6: 3 | D6: 4 | E6: 5 | F6: 6 | G6: 7 | H6: 8 | I6: 9 | J6: 10 | K6: 11
A7: ВСЕГО | I7: =I8+I46+I55+I76+I89 -> 5256.3 | J7: =J8+J46+J55+J76+J89+J98 -> 3452.9 | K7: =K8+K46+K55+K76+K89+K98 -> 3537.6
A8: Общегосударственные вопросы | B8: 01 | I8: =I9+I16+I33+I40 -> 2773.1 | J8: =J9+J16+J33 -> 2067.9 | K8: =K9+K16+K33 -> 1992
A9: Функционирование высшего должностного лица субъекта Российской Федерации и муниципального образования | B9: 01 | C9: 02 | I9: =I11 -> 1163.2 | J9: =J11 -> 1097.3 | K9: =K11 -> 1019.3
A10: ='Приложение 2'!A9 -> Функционирование высшего должностного лица субъекта Российской Федерации и муниципального образования | B10: 01 | C10: 02 | I10: =I11 -> 1163.2 | J10: =J11 -> 1097.3 | K10: =K11 -> 1019.3
A11: ='Приложение 2'!A10 -> Обеспечение деятельности Администрации Белозерьевского сельского поселения Ромодановского муниципального района Республики Мордовия | B11: 01 | C11: 02 | D11: 65 | I11: =I12 -> 1163.2 | J11: =J12 -> 1097.3 | K11: =K12 -> 1019.3
A12: Высшее должностное лицо | B12: 01 | C12: 02 | D12: 65 | E12: 1 | I12: =I13 -> 1163.2 | J12: =J13 -> 1097.3 | K12: =K13 -> 1019.3
A13: Расходы на выплаты по оплате труда высшего должностного лица | B13: 01 | C13: 02 | D13: 65 | E13: 1 | F13: 00 | G13: 41150 | I13: =I14 -> 1163.2 | J13: =J14 -> 1097.3 | K13: =K14 -> 1019.3
A14: Расходы на выплаты персоналу в целях обеспечения выполнения функций государственными (муниципальными) органами, казенными учреждениями, органами управления государственными внебюджетными фондами | B14: 01 | C14: 02 | D14: 65 | E14: 1 | F14: 00 | G14: 41150 | H14: 100 | I14: =I15 -> 1163.2 | J14: =J15 -> 1097.3 | K14: =K15 -> 1019.3
A15: Расходы на выплаты персоналу государственных (муниципальных) органов | B15: 01 | C15: 02 | D15: 65 | E15: 1 | F15: 00 | G15: 41150 | H15: 120 | I15: ='Приложение 2'!J14 -> 1163.2 | J15: ='Приложение 2'!K14 -> 1097.3 | K15: ='Приложение 2'!L14 -> 1019.3
A16: Функционирование Правительства Российской Федерации, высших исполнительных органов государственной власти субъектов Российской Федерации, местных администраций | B16: 01 | C16: 04 | I16: =I18+I28 -> 1545.5 | J16: =J18+J28 -> 920.6 | K16: =K18+K28 -> 922.7
A17: ='Приложение 2'!A15 -> Функционирование Правительства Российской Федерации, высших исполнительных органов субъектов Российской Федерации, местных администраций | B17: 01 | C17: 04 | I17: =I18+I28 -> 1545.5 | J17: =J18+J28 -> 920.6 | K17: =K18+K28 -> 922.7
A18: ='Приложение 2'!A16 -> Обеспечение деятельности Администрации Белозерьевского сельского поселения Ромодановского муниципального района Республики Мордовия | B18: 01 | C18: 04 | D18: 65 | I18: =I19 -> 1543.1 | J18: =J19 -> 918.1 | K18: =K19 -> 920.1
A19: ='Приложение 2'!A17 -> Расходы в рамках обеспечения деятельности Администрации Белозерьевского сельского поселения | B19: 01 | C19: 04 | D19: 65 | E19: 2 | I19: =I20+I23 -> 1543.1 | J19: =J20+J23 -> 918.1 | K19: =K20+K23 -> 920.1
A20: Расходы на выплаты по оплате труда работников органов местного самоуправления | B20: 01 | C20: 04 | D20: 65 | E20: 2 | F20: 00 | G20: 41110 | I20: =I21 -> 334.1 | J20: =J21 -> 390.6 | K20: =K21 -> 390.6
A21: Расходы на выплаты персоналу в целях обеспечения выполнения функций государственными (муниципальными) органами, казенными учреждениями, органами управления государственными внебюджетными фондами | B21: 01 | C21: 04 | D21: 65 | E21: 2 | F21: 00 | G21: 41110 | H21: 100 | I21: =I22 -> 334.1 | J21: =J22 -> 390.6 | K21: =K22 -> 390.6
A22: Расходы на выплаты персоналу государственных (муниципальных) органов | B22: 01 | C22: 04 | D22: 65 | E22: 2 | F22: 00 | G22: 41110 | H22: 120 | I22: ='Приложение 2'!J20 -> 334.1 | J22: ='Приложение 2'!K20 -> 390.6 | K22: ='Приложение 2'!L20 -> 390.6
A23: ='Приложение 2'!A21 -> Расходы на обеспечение выполнения функций органов местного самоуправления | B23: 01 | C23: 04 | D23: 65 | E23: 2 | F23: 00 | G23: 41120 | I23: =+I24+I26 -> 1209 | J23: =+J24+J26 -> 527.5 | K23: =+K24+K26 -> 529.5
A24: Закупка товаров, работ и услуг для обеспечения государственных (муниципальных) нужд | B24: 01 | C24: 04 | D24: 65 | E24: 2 | F24: 00 | G24: 41120 | H24: 200 | I24: =I25 -> 1197.5 | J24: =J25 -> 513.5 | K24: =K25 -> 517.5
A25: Иные закупки товаров, работ и услуг для обеспечения государственных (муниципальных) нужд | B25: 01 | C25: 04 | D25: 65 | E25: 2 | F25: 00 | G25: 41120 | H25: 240 | I25: ='Приложение 2'!J23 -> 1197.5 | J25: ='Приложение 2'!K23 -> 513.5 | K25: ='Приложение 2'!L23 -> 517.5
A26: Иные бюджетные ассигнования | B26: 01 | C26: 04 | D26: 65 | E26: 2 | F26: 00 | G26: 41120 | H26: 800 | I26: =I27 -> 11.5 | J26: =J27 -> 14 | K26: =K27 -> 12
A27: Уплата налогов, сборов и иных платежей | B27: 01 | C27: 04 | D27: 65 | E27: 2 | F27: 00 | G27: 41120 | H27: 850 | I27: ='Приложение 2'!J25 -> 11.5 | J27: ='Приложение 2'!K25 -> 14 | K27: ='Приложение 2'!L25 -> 12
A28: Непрограммные расходы главных распорядителей средств бюджета Белозерьевского сельского поселения Ромодановского муниципального района Республики Мордовия | B28: 01 | C28: 04 | D28: 89 | I28: =I29 -> 2.4 | J28: =J29 -> 2.5 | K28: =K29 -> 2.6
A29: Непрограммные расходы в рамках обеспечения деятельности главных распорядителей средств бюджета Белозерьевского сельского поселения Ромодановского муниципального района Республики Мордовия | B29: 01 | C29: 04 | D29: 89 | E29: 1 | I29: =I30 -> 2.4 | J29: =J30 -> 2.5 | K29: =K30 -> 2.6
A30: Осуществление государственных полномочий Республики Мордовия по определению перечня должностных лиц, уполномоченных составлять протоколы об административных правонарушениях, предусмотренных Законом Республики Мордовия от 15 июня 2015 года № 38-З "Об административной ответственности на территории Республики Мордовия" | B30: 01 | C30: 04 | D30: 89 | E30: 1 | F30: 00 | G30: 77150 | I30: =I31 -> 2.4 | J30: =J31 -> 2.5 | K30: =K31 -> 2.6
A31: Закупка товаров, работ и услуг для обеспечения государственных (муниципальных) нужд | B31: 01 | C31: 04 | D31: 89 | E31: 1 | F31: 00 | G31: 77150 | H31: 200 | I31: =I32 -> 2.4 | J31: =J32 -> 2.5 | K31: =K32 -> 2.6
A32: Иные закупки товаров, работ и услуг для обеспечения государственных (муниципальных) нужд | B32: 01 | C32: 04 | D32: 89 | E32: 1 | F32: 00 | G32: 77150 | H32: 240 | I32: ='Приложение 2'!J30 -> 2.4 | J32: ='Приложение 2'!K30 -> 2.5 | K32: ='Приложение 2'!L30 -> 2.6
A33: Резервные фонды | B33: 01 | C33: 11 | I33: =I35 -> 50 | J33: =J35 -> 50 | K33: =K35 -> 50
A34: ='Приложение 2'!A31 -> Резервные фонды | B34: 01 | C34: 11 | I34: =I35 -> 50 | J34: =J35 -> 50 | K34: =K35 -> 50
A35: Непрограммные расходы главных распорядителей средств бюджета Белозерьевского сельского поселения Ромодановского муниципального района Республики Мордовия | B35: 01 | C35: 11 | D35: 89 | I35: =I36 -> 50 | J35: =J36 -> 50 | K35: =K36 -> 50
A36: Непрограммные расходы в рамках обеспечения деятельности главных распорядителей средств бюджета Белозерьевскогоо сельского поселения Ромодановского муниципального района Республики Мордовия | B36: 01 | C36: 11 | D36: 89 | E36: 1 | I36: =I37 -> 50 | J36: =J37 -> 50 | K36: =K37 -> 50
A37: ='Приложение 2'!A34 -> Резервный фонд администрации Белозерьевского сельского поселения Ромодановского муниципального района Республики Мордовия | B37: 01 | C37: 11 | D37: 89 | E37: 1 | F37: 00 | G37: 41180 | I37: =I39 -> 50 | J37: =J39 -> 50 | K37: =K39 -> 50
A38: Иные бюджетные ассигнования | B38: 01 | C38: 11 | D38: 89 | E38: 1 | F38: 00 | G38: 41180 | H38: 800 | I38: =I39 -> 50 | J38: =J39 -> 50 | K38: =K39 -> 50
A39: Резервные средства | B39: 01 | C39: 11 | D39: 89 | E39: 1 | F39: 00 | G39: 41180 | H39: 870 | I39: ='Приложение 2'!J36 -> 50 | J39: ='Приложение 2'!K36 -> 50 | K39: ='Приложение 2'!L36 -> 50
A40: ='Приложение 2'!A37 -> Другие общегосударственные вопросы | B40: 01 | C40: 13 | I40: =I41 -> 14.4
A41: ='Приложение 2'!A38 -> Непрограммные расходы главных распорядителей бюджетных средств Белозерьевского сельского поселения Ромодановского муниципального района Республики Мордовия | B41: 01 | C41: 13 | D41: 89 | I41: =I42 -> 14.4
A42: ='Приложение 2'!A39 -> Непрограммные расходы в рамках обеспечения деятельности главных распорядителей бюджетных средств Белозерьевского сельского поселения Ромодановского муниципального района Республики Мордовия | B42: 01 | C42: 13 | D42: 89 | E42: 1 | I42: =I43 -> 14.4
A43: ='Приложение 2'!A40 -> Мероприятия,связанные с муниципальным управлением | B43: 01 | C43: 13 | D43: 89 | E43: 1 | F43: 00 | G43: 41210 | I43: =I44 -> 14.4
A44: ='Приложение 2'!A41 -> Иные бюджетные ассигнования | B44: 01 | C44: 13 | D44: 89 | E44: 1 | F44: 00 | G44: 41210 | H44: 800 | I44: =I45 -> 14.4
A45: ='Приложение 2'!A42 -> Уплата налогов, сборов и иных платежей | B45: 01 | C45: 13 | D45: 89 | E45: 1 | F45: 00 | G45: 41210 | H45: 850 | I45: ='Приложение 2'!J42 -> 14.4
A46: Национальная оборона | B46: 02 | I46: =I47 -> 435.3 | J46: =J47 -> 469.9 | K46: =K47 -> 485.1
A47: Мобилизационная и вневойсковая подготовка | B47: 02 | C47: 03 | I47: =I48 -> 435.3 | J47: =J48 -> 469.9 | K47: =K48 -> 485.1
A48: ='Приложение 2'!A45 -> Непрограммные расходы главных распорядителей бюджетных средств Белозерьевского сельского поселения Ромодановского муниципального района Республики Мордовия | B48: 02 | C48: 03 | D48: 89 | I48: =I49 -> 435.3 | J48: =J49 -> 469.9 | K48: =K49 -> 485.1
A49: ='Приложение 2'!A46 -> Непрограммные расходы в рамках обеспечения деятельности главных распорядителей бюджетных средств Белозерьевского сельского поселения Ромодановского муниципального района Республики Мордовия | B49: 02 | C49: 03 | D49: 89 | E49: 1 | I49: =I50 -> 435.3 | J49: =J50 -> 469.9 | K49: =K50 -> 485.1
A50: ='Приложение 2'!A47 -> Осуществление государственных полномочий Российской Федерации по воинскому учету в поселениях, на территориях которых отсутствуют структурные подразделения военных комиссариатов | B50: 02 | C50: 03 | D50: 89 | E50: 1 | F50: 00 | G50: 51180 | I50: =I53+I51 -> 435.3 | J50: =J53+J51 -> 469.9 | K50: =K53+K51 -> 485.1
A51: Расходы на выплаты персоналу в целях обеспечения выполнения функций государственными (муниципальными) органами, казенными учреждениями, органами управления государственными внебюджетными фондами | B51: 02 | C51: 03 | D51: 89 | E51: 1 | F51: 00 | G51: 51180 | H51: 100 | I51: =I52 -> 430.3 | J51: =J52 -> 464.9 | K51: =K52 -> 480.1
A52: Расходы на выплаты персоналу государственных (муниципальных) органов | B52: 02 | C52: 03 | D52: 89 | E52: 1 | F52: 00 | G52: 51180 | H52: 120 | I52: ='Приложение 2'!J49 -> 430.3 | J52: ='Приложение 2'!K49 -> 464.9 | K52: ='Приложение 2'!L49 -> 480.1
A53: Закупка товаров, работ и услуг для обеспечения государственных (муниципальных) нужд | B53: 02 | C53: 03 | D53: 89 | E53: 1 | F53: 00 | G53: 51180 | H53: 200 | I53: =I54 -> 5 | J53: =J54 -> 5 | K53: =K54 -> 5
A54: Иные закупки товаров, работ и услуг для обеспечения государственных (муниципальных) нужд | B54: 02 | C54: 03 | D54: 89 | E54: 1 | F54: 00 | G54: 51180 | H54: 240 | I54: ='Приложение 2'!J51 -> 5 | J54: ='Приложение 2'!K51 -> 5 | K54: ='Приложение 2'!L51 -> 5
A55: Национальная экономика | B55: 04 | I55: =I56+I64 -> 1415 | J55: =J56 -> 212 | K55: =K56 -> 220
A56: Дорожное хозяйство (дорожные фонды) | B56: 04 | C56: 09 | I56: =I59 -> 1355 | J56: =J59 -> 212 | K56: =K59 -> 220
A57: ='Приложение 2'!A52 -> Национальная экономика | B57: 04 | I57: ='Приложение 2'!J52 -> 1415 | J57: ='Приложение 2'!K52 -> 212 | K57: ='Приложение 2'!L52 -> 220
A58: ='Приложение 2'!A53 -> Дорожное хозяйство (дорожные фонды) | B58: 04 | C58: 09 | I58: =I59 -> 1355 | J58: =J59 -> 212 | K58: =K59 -> 220
A59: ='Приложение 2'!A54 -> Муниципальная программа «Комплексного развития транспортной инфраструктуры Белозерьевского сельского поселения Ромодановского муниципального района Республики Мордовия на 2024- 2030 года" | B59: 04 | C59: 09 | D59: 13 | I59: =I60 -> 1355 | J59: =J60 -> 212 | K59: =K60 -> 220
A60: Основное мероприятие "содействие развитию систем автомобильных дорог общего пользования ,регионального и межмуниципального,а так же местного значения" | B60: 04 | C60: 09 | D60: 13 | E60: 0 | F60: 01 | I60: =I61 -> 1355 | J60: =J61 -> 212 | K60: =K61 -> 220
A61: ='Приложение 2'!A56 -> Иные межбюджетные трансферты на осуществление полномочий по дорожной деятельности в отношении автомобильных дорог местного значения в границах населенных пунктов поселения и обеспечению безопасности дорожного движения на них, включая создание и обеспечение функционирования парковок (парковочных мест), осуществлению муниципального контроля на автомобильном транспорте, городском наземном электрическом транспорте и в дорожном хозяйстве в границах населенных пунктов поселения, организации дорожного движения, а также осуществлению иных полномочий в области использования автомобильных дорог и осуществления дорожной деятельности в соответствии с законодательством Российской Федерации | B61: 04 | C61: 09 | D61: 13 | E61: 0 | F61: 01 | G61: 9Д184 | I61: =I62 -> 1355 | J61: =J62 -> 212 | K61: =K62 -> 220
A62: Закупка товаров, работ и услуг для обеспечения государственных (муниципальных) нужд | B62: 04 | C62: 09 | D62: 13 | E62: 0 | F62: 01 | G62: 9Д184 | H62: 200 | I62: =I63 -> 1355 | J62: =J63 -> 212 | K62: =K63 -> 220
A63: Иные закупки товаров, работ и услуг для обеспечения государственных (муниципальных) нужд | B63: 04 | C63: 09 | D63: 13 | E63: 0 | F63: 01 | G63: 9Д184 | H63: 240 | I63: ='Приложение 2'!J58 -> 1355 | J63: ='Приложение 2'!K58 -> 212 | K63: ='Приложение 2'!L58 -> 220
A64: ='Приложение 2'!A59 -> Другие вопросы в облости национальной экономики | B64: 04 | C64: 12 | I64: =I65+I71 -> 60
A65: ='Приложение 2'!A60 -> Муниципальная программа "Жилище" на 2024-2030 годы Ромодановского муниципального района | B65: 04 | C65: 12 | D65: 04 | E65: 0 | I65: =I66 -> 20
A66: ='Приложение 2'!A61 -> Подпрограмма «Развитие жилищного строительства и жилищно-коммунального хозяйства в Ромодановском муниципальном районе на 2024-2030 гг.» | B66: 04 | C66: 12 | D66: 04 | E66: 2 | I66: =I67 -> 20
A67: ='Приложение 2'!A62 -> Основное мероприятие "Подготовка документов территориального планирования, градостроительного зонирования и документации по планировке территории" | B67: 04 | C67: 12 | D67: 04 | E67: 2 | F67: 01 | I67: =I68 -> 20
A68: ='Приложение 2'!A63 -> Подготовка описания местоположения границ территориальных зон,проведение мероприятий по разработке (корректировке)документов территориаального планирования и градостроительного зонирования муниципальных образований Республики Мордовия | B68: 04 | C68: 12 | D68: 04 | E68: 2 | F68: 01 | G68: S6290 | I68: =I69 -> 20
A69: ='Приложение 2'!A64 -> Закупка товаров, работ и услуг для обеспечения государственных (муниципальных) нужд | B69: 04 | C69: 12 | D69: 04 | E69: 2 | F69: 01 | G69: S6290 | H69: 200 | I69: =I70 -> 20
A70: ='Приложение 2'!A65 -> Иные закупки товаров, работ и услуг для обеспечения государственных (муниципальных) нужд | B70: 04 | C70: 12 | D70: 04 | E70: 2 | F70: 01 | G70: S6290 | H70: 240 | I70: ='Приложение 2'!J65 -> 20
A71: ='Приложение 2'!A66 -> Непрограммные расходы главных распорядителей бюджетных средств Белозерьевского сельского поселения Ромодановского муниципального района Республики Мордовия | B71: 04 | C71: 12 | D71: 89 | I71: =I72 -> 40
A72: ='Приложение 2'!A67 -> Непрограммные расходы в рамках обеспечения деятельности главных распорядителей бюджетных средств Белозерьевского сельского поселения Ромодановского муниципального района Республики Мордовия | B72: 04 | C72: 12 | D72: 89 | E72: 1 | I72: =I73 -> 40
A73: ='Приложение 2'!A68 -> Мероприятия по землеустройству и землепользованию | B73: 04 | C73: 12 | D73: 89 | E73: 1 | F73: 00 | G73: 42370 | I73: =I74 -> 40
A74: ='Приложение 2'!A69 -> Закупка товаров, работ и услуг для обеспечения государственных (муниципальных) нужд | B74: 04 | C74: 12 | D74: 89 | E74: 1 | F74: 00 | G74: 42370 | H74: 200 | I74: =I75 -> 40
A75: ='Приложение 2'!A70 -> Иные закупки товаров, работ и услуг для обеспечения государственных (муниципальных) нужд | B75: 04 | C75: 12 | D75: 89 | E75: 1 | F75: 00 | G75: 42370 | H75: 240 | I75: ='Приложение 2'!J70 -> 40
A76: Жилищно-коммунальное хозяйство | B76: 05 | I76: =I77 -> 527.6 | J76: =J77 -> 536.3 | K76: =K77 -> 595.7
A77: Благоустройство | B77: 05 | C77: 03 | I77: =I80 -> 527.6 | J77: =J80 -> 536.3 | K77: =K80 -> 595.7
A78: ='Приложение 2'!A71 -> Жилищно-коммунальное хозяйство | B78: 05 | I78: ='Приложение 2'!J71 -> 527.6 | J78: ='Приложение 2'!K71 -> 536.3 | K78: ='Приложение 2'!L71 -> 595.7
A79: ='Приложение 2'!A72 -> Благоустройство | B79: 05 | C79: 03 | I79: =I80 -> 527.6 | J79: =J80 -> 536.3 | K79: =K80 -> 595.7
A80: ='Приложение 2'!A73 -> Муниципальная программа "Комплексного развития социальной инфраструктуры Белозерьевского сельского поселения Ромодановского муниципального района Республики Мордовия на 2018-2030 года" | B80: 05 | C80: 03 | D80: 10 | I80: =I81+I86 -> 527.6 | J80: =J81+J85 -> 536.3 | K80: =K81+K85 -> 595.7
A81: ='Приложение 2'!A74 -> Основное мероприятие "Благоустройство территории " | B81: 05 | C81: 03 | D81: 10 | E81: 0 | F81: 07 | I81: =I82 -> 420.4 | J81: =J82 -> 436.3 | K81: =K82 -> 495.7
A82: ='Приложение 2'!A75 -> Прочие мероприятия по благоустройству | B82: 05 | C82: 03 | D82: 10 | E82: 0 | F82: 07 | G82: 43040 | I82: =I83 -> 420.4 | J82: =J83 -> 436.3 | K82: =K83 -> 495.7
A83: Закупка товаров, работ и услуг для обеспечения государственных (муниципальных) нужд | B83: 05 | C83: 03 | D83: 10 | E83: 0 | F83: 07 | G83: 43040 | H83: 200 | I83: =I84 -> 420.4 | J83: =J84 -> 436.3 | K83: =K84 -> 495.7
A84: Иные закупки товаров, работ и услуг для обеспечения государственных (муниципальных) нужд | B84: 05 | C84: 03 | D84: 10 | E84: 0 | F84: 07 | G84: 43040 | H84: 240 | I84: ='Приложение 2'!J77 -> 420.4 | J84: ='Приложение 2'!K77 -> 436.3 | K84: ='Приложение 2'!L77 -> 495.7
A85: ='Приложение 2'!A78 -> Основное мероприятие " Освещение территории сельского поселения " | B85: 05 | C85: 03 | D85: 10 | E85: 0 | F85: 08 | I85: =I86 -> 107.2 | J85: =J86 -> 100 | K85: =K86 -> 100
A86: ='Приложение 2'!A79 -> Уличное освещение | B86: 05 | C86: 03 | D86: 10 | E86: 0 | F86: 08 | G86: 43010 | I86: =I87 -> 107.2 | J86: =J87 -> 100 | K86: =K87 -> 100
A87: Закупка товаров, работ и услуг для обеспечения государственных (муниципальных) нужд | B87: 05 | C87: 03 | D87: 10 | E87: 0 | F87: 08 | G87: 43010 | H87: 200 | I87: =I88 -> 107.2 | J87: =J88 -> 100 | K87: =K88 -> 100
A88: Иные закупки товаров, работ и услуг для обеспечения государственных (муниципальных) нужд | B88: 05 | C88: 03 | D88: 10 | E88: 0 | F88: 08 | G88: 43010 | H88: 240 | I88: ='Приложение 2'!J81 -> 107.2 | J88: ='Приложение 2'!K81 -> 100 | K88: ='Приложение 2'!L81 -> 100
A89: Социальная политика | B89: 10 | I89: =I90 -> 105.3 | J89: =J90 -> 92.3 | K89: =K90 -> 92.3
A90: Пенсионное обеспечение | B90: 10 | C90: 01 | I90: =I93 -> 105.3 | J90: =J93 -> 92.3 | K90: =K93 -> 92.3
A91: ='Приложение 2'!A82 -> Социальная политика | B91: 10 | I91: ='Приложение 2'!J82 -> 105.3 | J91: ='Приложение 2'!K82 -> 92.3 | K91: ='Приложение 2'!L82 -> 92.3
A92: ='Приложение 2'!A83 -> Пенсионное обеспечение | B92: 10 | C92: 01 | I92: =I93 -> 105.3 | J92: =J93 -> 92.3 | K92: =K93 -> 92.3
A93: ='Приложение 2'!A84 -> Непрограммные расходы главных распорядителей средств бюджета Белозерьевского сельского поселения Ромодановского муниципального района Республики Мордовия | B93: 10 | C93: 01 | D93: 89 | I93: =I94 -> 105.3 | J93: =J94 -> 92.3 | K93: =K94 -> 92.3
A94: ='Приложение 2'!A85 -> Непрограммные расходы в рамках обеспечения деятельности главных распорядителей средств бюджета Белозерьевского сельского поселения Ромодановского муниципального района Республики Мордовия | B94: 10 | C94: 01 | D94: 89 | E94: 1 | I94: =I95 -> 105.3 | J94: =J95 -> 92.3 | K94: =K95 -> 92.3
A95: Доплаты к пенсиям муниципальных служащих Республики Мордовия | B95: 10 | C95: 01 | D95: 89 | E95: 1 | F95: 00 | G95: 03010 | I95: =I96 -> 105.3 | J95: =J96 -> 92.3 | K95: =K96 -> 92.3
A96: Социальное обеспечение и иные выплаты населению | B96: 10 | C96: 01 | D96: 89 | E96: 1 | F96: 00 | G96: 03010 | H96: 300 | I96: =I97 -> 105.3 | J96: =J97 -> 92.3 | K96: =K97 -> 92.3
A97: Публичные нормативные социальные выплаты гражданам | B97: 10 | C97: 01 | D97: 89 | E97: 1 | F97: 00 | G97: 03010 | H97: 310 | I97: ='Приложение 2'!J88 -> 105.3 | J97: ='Приложение 2'!K88 -> 92.3 | K97: ='Приложение 2'!L88 -> 92.3
A98: ='Приложение 2'!A89 -> Условно утвержденные расходы | B98: 99 | J98: ='Приложение 2'!K89 -> 74.5 | K98: ='Приложение 2'!L89 -> 152.5
A99: ='Приложение 2'!A90 -> Условно утвержденные расходы | B99: 99 | C99: 99 | J99: ='Приложение 2'!K90 -> 74.5 | K99: ='Приложение 2'!L90 -> 152.5
A100: ='Приложение 2'!A89 -> Условно утвержденные расходы | B100: 99 | J100: ='Приложение 2'!K89 -> 74.5 | K100: ='Приложение 2'!L89 -> 152.5
...

Sheet Приложение 4
I1: Приложение 4 к решению Совета депутатов Белозерьевского сельского поселения Ромодановского муниципального района Республики Мордовия «О внесении изменений в решение Совета депутатов Белозерьевского сельского поселения Ромодановского муниципального района Республики Мордовия от 26 декабря 2024 г №61 «О бюджете Белозерьевского сельского поселения Ромодановского муниципального района Республики Мордовия на 2025 год и на плановый период 2026 и 2027 годов» Приложение 5 к решению Совета депутатов Белозерьевского сельского поселения Ромодановского муниципального района Республики Мордовия «О бюджете Белозерьевского сельского поселения Ромодановского муниципального района Республики Мордовия на 2025 год и на плановый период 2026 и 2027 годов»
A2: РАСПРЕДЕЛЕНИЕ БЮДЖЕТНЫХ АССИГНОВАНИЙ БЮДЖЕТА БЕЛОЗЕРЬЕВСКОГО СЕЛЬСКОГО ПОСЕЛЕНИЯ РОМОДАНОВСКОГО МУНИЦИПАЛЬНОГО РАЙОНА РЕСПУБЛИКИ МОРДОВИЯ ПО ЦЕЛЕВЫМ СТАТЬЯМ (МУНИЦИПАЛЬНЫМ ПРОГРАММАМ И НЕПРОГРАММНЫМ НАПРАВЛЕНИЯМ ДЕЯТЕЛЬНОСТИ), ГРУППАМ И ПОДГРУППАМ ВИДОВ РАСХОДОВ, РАЗДЕЛАМ И ПОДРАЗДЕЛАМ КЛАССИФИКАЦИИ РАСХОДОВ БЮДЖЕТОВ НА 2025 ГОД И НА ПЛАНОВЫЙ ПЕРИОД 2026 И 2027 ГОДОВ
I3: (тыс. рублей)
A4: Наименование | B4: Цср | F4: ВР | G4: Рз | H4: Прз | I4: Адм | J4: Сумма
J5: 2025 год | K5: 2026 год | L5: 2027 год
A6: 1 | B6: 2 | C6: 3 | D6: 4 | E6: 5 | F6: 6 | G6: 7 | H6: 8 | I6: 9 | J6: 10 | K6: 11 | L6: 12
A7: ВСЕГО | J7: =J17+J32+J40+J72+J8 -> 5256.3 | K7: =K17+K32+K40+K72 -> 3452.9 | L7: =L17+L32+L40+L72 -> 3537.6
A8: ='Приложение 2'!A60 -> Муниципальная программа "Жилище" на 2024-2030 годы Ромодановского муниципального района | B8: 04 | J8: =J9 -> 20
A9: ='Приложение 2'!A61 -> Подпрограмма «Развитие жилищного строительства и жилищно-коммунального хозяйства в Ромодановском муниципальном районе на 2024-2030 гг.» | B9: 04 | C9: 2 | J9: =J10 -> 20
A10: ='Приложение 2'!A62 -> Основное мероприятие "Подготовка документов территориального планирования, градостроительного зонирования и документации по планировке территории" | B10: 04 | C10: 2 | D10: 01 | J10: =J11 -> 20
A11: ='Приложение 2'!A63 -> Подготовка описания местоположения границ территориальных зон,проведение мероприятий по разработке (корректировке)документов территориаального планирования и градостроительного зонирования муниципальных образований Республики Мордовия | B11: 04 | C11: 2 | D11: 01 | E11: S6290 | J11: =J12 -> 20
A12: ='Приложение 2'!A64 -> Закупка товаров, работ и услуг для обеспечения государственных (муниципальных) нужд | B12: 04 | C12: 2 | D12: 01 | E12: S6290 | F12: 200 | J12: =J13 -> 20
A13: ='Приложение 2'!A65 -> Иные закупки товаров, работ и услуг для обеспечения государственных (муниципальных) нужд | B13: 04 | C13: 2 | D13: 01 | E13: S6290 | F13: 240 | J13: =J14 -> 20
A14: ='Приложение 2'!A52 -> Национальная экономика | B14: 04 | C14: 2 | D14: 01 | E14: S6290 | F14: 240 | G14: 04 | J14: =J15 -> 20
A15: ='Приложение 2'!A59 -> Другие вопросы в облости национальной экономики | B15: 04 | C15: 2 | D15: 01 | E15: S6290 | F15: 240 | G15: 04 | H15: 12 | J15: =J16 -> 20
A16: =A24 -> Администрация Белозерьевского сельского поселения Ромодановского муниципального района Республики Мордовия | B16: 04 | C16: 2 | D16: 01 | E16: S6290 | F16: 240 | G16: 04 | H16: 12 | I16: 911 | J16: ='Приложение 2'!J65 -> 20
A17: ='Приложение 2'!A73 -> Муниципальная программа "Комплексного развития социальной инфраструктуры Белозерьевского сельского поселения Ромодановского муниципального района Республики Мордовия на 2018-2030 года" | B17: 10 | J17: =J18+J25 -> 527.6 | K17: =K18+K25 -> 536.3 | L17: =L18+L25 -> 595.7
A18: ='Приложение 2'!A74 -> Основное мероприятие "Благоустройство территории " | B18: 10 | C18: 0 | D18: 07 | J18: =J19 -> 420.4 | K18: =K19 -> 436.3 | L18: =L19 -> 495.7
A19: ='Приложение 2'!A75 -> Прочие мероприятия по благоустройству | B19: 10 | C19: 0 | D19: 07 | E19: 43040 | J19: =J20 -> 420.4 | K19: =K20 -> 436.3 | L19: =L20 -> 495.7
A20: Закупка товаров, работ и услуг для обеспечения государственных (муниципальных) нужд | B20: 10 | C20: 0 | D20: 07 | E20: 43040 | F20: 200 | J20: =J21 -> 420.4 | K20: =K21 -> 436.3 | L20: =L21 -> 495.7
A21: Иные закупки товаров, работ и услуг для обеспечения государственных (муниципальных) нужд | B21: 10 | C21: 0 | D21: 07 | E21: 43040 | F21: 240 | J21: =J22 -> 420.4 | K21: =K22 -> 436.3 | L21: =L22 -> 495.7
A22: Жилищно-коммунальное хозяйство | B22: 10 | C22: 0 | D22: 07 | E22: 43040 | F22: 240 | G22: 05 | J22: =J23 -> 420.4 | K22: =K23 -> 436.3 | L22: =L23 -> 495.7
A23: Благоустройство | B23: 10 | C23: 0 | D23: 07 | E23: 43040 | F23: 240 | G23: 05 | H23: 03 | J23: =J24 -> 420.4 | K23: =K24 -> 436.3 | L23: =L24 -> 495.7
A24: Администрация Белозерьевского сельского поселения Ромодановского муниципального района Республики Мордовия | B24: 10 | C24: 0 | D24: 07 | E24: 43040 | F24: 240 | G24: 05 | H24: 03 | I24: 911 | J24: ='Приложение 2'!J77 -> 420.4 | K24: ='Приложение 2'!K77 -> 436.3 | L24: ='Приложение 2'!L77 -> 495.7
A25: ='Приложение 2'!A78 -> Основное мероприятие " Освещение территории сельского поселения " | B25: 10 | C25: 0 | D25: 08 | J25: =J26 -> 107.2 | K25: =K26 -> 100 | L25: =L26 -> 100
A26: ='Приложение 2'!A79 -> Уличное освещение | B26: 10 | C26: 0 | D26: 08 | E26: 43010 | J26: =J27 -> 107.2 | K26: =K27 -> 100 | L26: =L27 -> 100
A27: Закупка товаров, работ и услуг для обеспечения государственных (муниципальных) нужд | B27: 10 | C27: 0 | D27: 08 | E27: 43010 | F27: 200 | J27: =J28 -> 107.2 | K27: =K28 -> 100 | L27: =L28 -> 100
A28: Иные закупки товаров, работ и услуг для обеспечения государственных (муниципальных) нужд | B28: 10 | C28: 0 | D28: 08 | E28: 43010 | F28: 240 | J28: =J29 -> 107.2 | K28: =K29 -> 100 | L28: =L29 -> 100
A29: Жилищно-коммунальное хозяйство | B29: 10 | C29: 0 | D29: 08 | E29: 43010 | F29: 240 | G29: 05 | J29: =J30 -> 107.2 | K29: =K30 -> 100 | L29: =L30 -> 100
A30: Благоустройство | B30: 10 | C30: 0 | D30: 08 | E30: 43010 | F30: 240 | G30: 05 | H30: 03 | J30: =J31 -> 107.2 | K30: =K31 -> 100 | L30: =L31 -> 100
A31: Администрация Белозерьевского сельского поселения Ромодановского муниципального района Республики Мордовия | B31: 10 | C31: 0 | D31: 08 | E31: 43010 | F31: 240 | G31: 05 | H31: 03 | I31: 911 | J31: ='Приложение 2'!J81 -> 107.2 | K31: ='Приложение 2'!K81 -> 100 | L31: ='Приложение 2'!L81 -> 100
A32: ='Приложение 2'!A54 -> Муниципальная программа «Комплексного развития транспортной инфраструктуры Белозерьевского сельского поселения Ромодановского муниципального района Республики Мордовия на 2024- 2030 года" | B32: 13 | J32: =J33 -> 1355 | K32: =K33 -> 212 | L32: =L33 -> 220
A33: Основное мероприятие "содействие развитию систем автомобильных дорог общего пользования,регионального и или межмуниципального,а так же местного значения" | B33: 13 | C33: 0 | D33: 01 | J33: =J34 -> 1355 | K33: =K34 -> 212 | L33: =L34 -> 220
A34: ='Приложение 2'!A56 -> Иные межбюджетные трансферты на осуществление полномочий по дорожной деятельности в отношении автомобильных дорог местного значения в границах населенных пунктов поселения и обеспечению безопасности дорожного движения на них, включая создание и обеспечение функционирования парковок (парковочных мест), осуществлению муниципального контроля на автомобильном транспорте, городском наземном электрическом транспорте и в дорожном хозяйстве в границах населенных пунктов поселения, организации дорожного движения, а также осуществлению иных полномочий в области использования автомобильных дорог и осуществления дорожной деятельности в соответствии с законодательством Российской Федерации | B34: 13 | C34: 0 | D34: 01 | E34: 9Д184 | J34: =J35 -> 1355 | K34: =K35 -> 212 | L34: =L35 -> 220
A35: Закупка товаров, работ и услуг для обеспечения государственных (муниципальных) нужд | B35: 13 | C35: 0 | D35: 01 | E35: 9Д184 | F35: 200 | J35: =J36 -> 1355 | K35: =K36 -> 212 | L35: =L36 -> 220
A36: Иные закупки товаров, работ и услуг для обеспечения государственных (муниципальных) нужд | B36: 13 | C36: 0 | D36: 01 | E36: 9Д184 | F36: 240 | J36: =J37 -> 1355 | K36: =K37 -> 212 | L36: =L37 -> 220
A37: Национальная экономика | B37: 13 | C37: 0 | D37: 01 | E37: 9Д184 | F37: 240 | G37: 04 | J37: =J38 -> 1355 | K37: =K38 -> 212 | L37: =L38 -> 220
A38: ='Приложение 2'!A53 -> Дорожное хозяйство (дорожные фонды) | B38: 13 | C38: 0 | D38: 01 | E38: 9Д184 | F38: 240 | G38: 04 | H38: 09 | J38: =J39 -> 1355 | K38: =K39 -> 212 | L38: =L39 -> 220
A39: Администрация Белозерьевского сельского поселения Ромодановского муниципального района Республики Мордовия | B39: 13 | C39: 0 | D39: 01 | E39: 9Д184 | F39: 240 | G39: 04 | H39: 09 | I39: 911 | J39: ='Приложение 2'!J58 -> 1355 | K39: ='Приложение 2'!K58 -> 212 | L39: ='Приложение 2'!L58 -> 220
A40: ='Приложение 2'!A10 -> Обеспечение деятельности Администрации Белозерьевского сельского поселения Ромодановского муниципального района Республики Мордовия | B40: 65 | J40: =J41+J54 -> 2706.3 | K40: =K41+K54 -> 2089.9 | L40: =L41+L54 -> 2091.9
A41: Высшее должностное лицо | B41: 65 | C41: 1 | J41: =J42 -> 1163.2 | K41: =K42+K48 -> 1171.8 | L41: =L42+L48 -> 1171.8
A42: Расходы на выплаты по оплате труда высшего должностного лица | B42: 65 | C42: 1 | D42: 00 | E42: 41150 | J42: =J43 -> 1163.2 | K42: =K43 -> 1097.3 | L42: =L43 -> 1019.3
A43: Расходы на выплаты персоналу в целях обеспечения выполнения функций государственными (муниципальными) органами, казенными учреждениями, органами управления государственными внебюджетными фондами | B43: 65 | C43: 1 | D43: 00 | E43: 41150 | F43: 100 | J43: =J44 -> 1163.2 | K43: =K44 -> 1097.3 | L43: =L44 -> 1019.3
A44: Расходы на выплаты персоналу государственных (муниципальных) органов | B44: 65 | C44: 1 | D44: 00 | E44: 41150 | F44: 120 | J44: =J45 -> 1163.2 | K44: =K45 -> 1097.3 | L44: =L45 -> 1019.3
A45: Общегосударственные вопросы | B45: 65 | C45: 1 | D45: 00 | E45: 41150 | F45: 120 | G45: 01 | J45: =J46 -> 1163.2 | K45: =K46 -> 1097.3 | L45: =L46 -> 1019.3
A46: Функционирование высшего должностного лица субъекта Российской Федерации и муниципального образования | B46: 65 | C46: 1 | D46: 00 | E46: 41150 | F46: 120 | G46: 01 | H46: 02 | J46: =J47 -> 1163.2 | K46: =K47 -> 1097.3 | L46: =L47 -> 1019.3
A47: Администрация Белозерьевского сельского поселения Ромодановского муниципального района Республики Мордовия | B47: 65 | C47: 1 | D47: 00 | E47: 41150 | F47: 120 | G47: 01 | H47: 02 | I47: 911 | J47: ='Приложение 2'!J14 -> 1163.2 | K47: ='Приложение 2'!K14 -> 1097.3 | L47: ='Приложение 2'!L14 -> 1019.3
A48: ='Приложение 3'!A104 -> Условно утвержденные расходы | B48: 65 | C48: 1 | D48: 00 | E48: 41990 | K48: =K49 -> 74.5 | L48: =L49 -> 152.5
A49: ='Приложение 3'!A105 -> Иные бюджетные ассигнования | B49: 65 | C49: 1 | D49: 00 | E49: 41990 | F49: 800 | K49: =K50 -> 74.5 | L49: =L50 -> 152.5
A50: ='Приложение 3'!A106 -> Резервные средства | B50: 65 | C50: 1 | D50: 00 | E50: 41990 | F50: 870 | K50: =K51 -> 74.5 | L50: =L51 -> 152.5
A51: ='Приложение 3'!A98 -> Условно утвержденные расходы | B51: 65 | C51: 1 | D51: 00 | E51: 41990 | F51: 870 | G51: 99 | K51: =K52 -> 74.5 | L51: =L52 -> 152.5
A52: ='Приложение 3'!A99 -> Условно утвержденные расходы | B52: 65 | C52: 1 | D52: 00 | E52: 41990 | F52: 870 | G52: 99 | H52: 99 | K52: =K53 -> 74.5 | L52: =L53 -> 152.5
A53: Администрация Белозерьевского сельского поселения Ромодановского муниципального района Республики Мордовия | B53: 65 | C53: 1 | D53: 00 | E53: 41990 | F53: 870 | G53: 99 | H53: 99 | I53: 911 | K53: ='Приложение 3'!J106 -> 74.5 | L53: ='Приложение 3'!K106 -> 152.5
A54: ='Приложение 2'!A17 -> Расходы в рамках обеспечения деятельности Администрации Белозерьевского сельского поселения | B54: 65 | C54: 2 | J54: =J55+J61 -> 1543.1 | K54: =K55+K61 -> 918.1 | L54: =L55+L61 -> 920.1
A55: Расходы на выплаты по оплате труда работников органов местного самоуправления | B55: 65 | C55: 2 | D55: 00 | E55: 41110 | J55: =J56 -> 334.1 | K55: =K56 -> 390.6 | L55: =L56 -> 390.6
A56: Расходы на выплаты персоналу в целях обеспечения выполнения функций государственными (муниципальными) органами, казенными учреждениями, органами управления государственными внебюджетными фондами | B56: 65 | C56: 2 | D56: 00 | E56: 41110 | F56: 100 | J56: =J57 -> 334.1 | K56: =K57 -> 390.6 | L56: =L57 -> 390.6
A57: Расходы на выплаты персоналу государственных (муниципальных) органов | B57: 65 | C57: 2 | D57: 00 | E57: 41110 | F57: 120 | J57: =J58 -> 334.1 | K57: =K58 -> 390.6 | L57: =L58 -> 390.6
A58: Общегосударственные вопросы | B58: 65 | C58: 2 | D58: 00 | E58: 41110 | F58: 120 | G58: 01 | J58: =J59 -> 334.1 | K58: =K59 -> 390.6 | L58: =L59 -> 390.6
A59: ='Приложение 2'!A15 -> Функционирование Правительства Российской Федерации, высших исполнительных органов субъектов Российской Федерации, местных администраций | B59: 65 | C59: 2 | D59: 00 | E59: 41110 | F59: 120 | G59: 01 | H59: 04 | J59: =J60 -> 334.1 | K59: =K60 -> 390.6 | L59: =L60 -> 390.6
A60: Администрация Белозерьевского сельского поселения Ромодановского муниципального района Республики Мордовия | B60: 65 | C60: 2 | D60: 00 | E60: 41110 | F60: 120 | G60: 01 | H60: 04 | I60: 911 | J60: ='Приложение 2'!J20 -> 334.1 | K60: ='Приложение 2'!K20 -> 390.6 | L60: ='Приложение 2'!L20 -> 390.6
A61: ='Приложение 2'!A21 -> Расходы на обеспечение выполнения функций органов местного самоуправления | B61: 65 | C61: 2 | D61: 00 | E61: 41120 | J61: =J62+J67 -> 1209 | K61: =K62+K67 -> 527.5 | L61: =L62+L67 -> 529.5
A62: Закупка товаров, работ и услуг для обеспечения государственных (муниципальных) нужд | B62: 65 | C62: 2 | D62: 00 | E62: 41120 | F62: 200 | J62: =J63 -> 1197.5 | K62: =K63 -> 513.5 | L62: =L63 -> 517.5
A63: Иные закупки товаров, работ и услуг для обеспечения государственных (муниципальных) нужд | B63: 65 | C63: 2 | D63: 00 | E63: 41120 | F63: 240 | J63: =J64 -> 1197.5 | K63: =K64 -> 513.5 | L63: =L64 -> 517.5
A64: Общегосударственные вопросы | B64: 65 | C64: 2 | D64: 00 | E64: 41120 | F64: 240 | G64: 01 | J64: =J65 -> 1197.5 | K64: =K65 -> 513.5 | L64: =L65 -> 517.5
A65: =A59 -> Функционирование Правительства Российской Федерации, высших исполнительных органов субъектов Российской Федерации, местных администраций | B65: 65 | C65: 2 | D65: 00 | E65: 41120 | F65: 240 | G65: 01 | H65: 04 | J65: =J66 -> 1197.5 | K65: =K66 -> 513.5 | L65: =L66 -> 517.5
A66: Администрация Белозерьевского сельского поселения Ромодановского муниципального района Республики Мордовия | B66: 65 | C66: 2 | D66: 00 | E66: 41120 | F66: 240 | G66: 01 | H66: 04 | I66: 911 | J66: ='Приложение 2'!J23 -> 1197.5 | K66: ='Приложение 2'!K23 -> 513.5 | L66: ='Приложение 2'!L23 -> 517.5
A67: Иные бюджетные ассигнования | B67: 65 | C67: 2 | D67: 00 | E67: 41120 | F67: 800 | J67: =J68 -> 11.5 | K67: =K68 -> 14 | L67: =L68 -> 12
A68: Уплата налогов, сборов и иных платежей | B68: 65 | C68: 2 | D68: 00 | E68: 41120 | F68: 850 | J68: =J69 -> 11.5 | K68: =K69 -> 14 | L68: =L69 -> 12
A69: Общегосударственные вопросы | B69: 65 | C69: 2 | D69: 00 | E69: 41120 | F69: 850 | G69: 01 | J69: =J70 -> 11.5 | K69: =K70 -> 14 | L69: =L70 -> 12
A70: =A65 -> Функционирование Правительства Российской Федерации, высших исполнительных органов субъектов Российской Федерации, местных администраций | B70: 65 | C70: 2 | D70: 00 | E70: 41120 | F70: 850 | G70: 01 | H70: 04 | J70: =J71 -> 11.5 | K70: =K71 -> 14 | L70: =L71 -> 12
A71: Администрация Белозерьевского сельского поселения Ромодановского муниципального района Республики Мордовия | B71: 65 | C71: 2 | D71: 00 | E71: 41120 | F71: 850 | G71: 01 | H71: 04 | I71: 911 | J71: ='Приложение 2'!J25 -> 11.5 | K71: ='Приложение 2'!K25 -> 14 | L71: ='Приложение 2'!L25 -> 12
A72: ='Приложение 2'!A84 -> Непрограммные расходы главных распорядителей средств бюджета Белозерьевского сельского поселения Ромодановского муниципального района Республики Мордовия | B72: 89 | J72: =J73+J80+J109+J98+J86+J92 -> 647.4 | K72: =K73+K80+K109+K98 -> 614.7 | L72: =L73+L80+L109+L98 -> 630
A73: ='Приложение 2'!A85 -> Непрограммные расходы в рамках обеспечения деятельности главных распорядителей средств бюджета Белозерьевского сельского поселения Ромодановского муниципального района Республики Мордовия | B73: 89 | C73: 1 | J73: =J74 -> 105.3 | K73: =K74 -> 92.3 | L73: =L74 -> 92.3
A74: ='Приложение 2'!A86 -> Доплаты к пенсиям муниципальных служащих Республики Мордовия | B74: 89 | C74: 1 | D74: 00 | E74: 03010 | J74: =J75 -> 105.3 | K74: =K75 -> 92.3 | L74: =L75 -> 92.3
A75: ='Приложение 2'!A87 -> Социальное обеспечение и иные выплаты населению | B75: 89 | C75: 1 | D75: 00 | E75: 03010 | F75: 300 | J75: =J76 -> 105.3 | K75: =K76 -> 92.3 | L75: =L76 -> 92.3
A76: ='Приложение 2'!A88 -> Публичные нормативные социальные выплаты гражданам | B76: 89 | C76: 1 | D76: 00 | E76: 03010 | F76: 310 | J76: =J77 -> 105.3 | K76: =K77 -> 92.3 | L76: =L77 -> 92.3
A77: ='Приложение 2'!A82 -> Социальная политика | B77: 89 | C77: 1 | D77: 00 | E77: 03010 | F77: 310 | G77: 10 | J77: =J78 -> 105.3 | K77: =K78 -> 92.3 | L77: =L78 -> 92.3
A78: ='Приложение 2'!A83 -> Пенсионное обеспечение | B78: 89 | C78: 1 | D78: 00 | E78: 03010 | F78: 310 | G78: 10 | H78: 01 | J78: =J79 -> 105.3 | K78: =K79 -> 92.3 | L78: =L79 -> 92.3
A79: =A71 -> Администрация Белозерьевского сельского поселения Ромодановского муниципального района Республики Мордовия | B79: 89 | C79: 1 | D79: 00 | E79: 03010 | F79: 310 | G79: 10 | H79: 01 | I79: 911 | J79: ='Приложение 2'!J88 -> 105.3 | K79: ='Приложение 2'!K88 -> 92.3 | L79: ='Приложение 2'!L88 -> 92.3
A80: ='Приложение 2'!A34 -> Резервный фонд администрации Белозерьевского сельского поселения Ромодановского муниципального района Республики Мордовия | B80: 89 | C80: 1 | D80: 00 | E80: 41180 | J80: =J81 -> 50 | K80: =K81 -> 50 | L80: =L81 -> 50
A81: ='Приложение 2'!A35 -> Иные бюджетные ассигнования | B81: 89 | C81: 1 | D81: 00 | E81: 41180 | F81: 800 | J81: =J82 -> 50 | K81: =K82 -> 50 | L81: =L82 -> 50
A82: Резервные средства | B82: 89 | C82: 1 | D82: 00 | E82: 41180 | F82: 870 | J82: =J83 -> 50 | K82: =K83 -> 50 | L82: =L83 -> 50
A83: Общегосударственные вопросы | B83: 89 | C83: 1 | D83: 00 | E83: 41180 | F83: 870 | G83: 01 | J83: =J84 -> 50 | K83: =K84 -> 50 | L83: =L84 -> 50
A84: Резервные фонды | B84: 89 | C84: 1 | D84: 00 | E84: 41180 | F84: 870 | G84: 01 | H84: 11 | J84: =J85 -> 50 | K84: =K85 -> 50 | L84: =L85 -> 50
A85: =A114 -> Администрация Белозерьевского сельского поселения Ромодановского муниципального района Республики Мордовия | B85: 89 | C85: 1 | D85: 00 | E85: 41180 | F85: 870 | G85: 01 | H85: 11 | I85: 911 | J85: 50 | K85: 50 | L85: 50
A86: ='Приложение 2'!A40 -> Мероприятия,связанные с муниципальным управлением | B86: 89 | C86: 1 | D86: 00 | E86: 41210 | J86: =J87 -> 14.4
A87: ='Приложение 2'!A41 -> Иные бюджетные ассигнования | B87: 89 | C87: 1 | D87: 00 | E87: 41210 | F87: 800 | J87: =J88 -> 14.4
A88: ='Приложение 2'!A42 -> Уплата налогов, сборов и иных платежей | B88: 89 | C88: 1 | D88: 00 | E88: 41210 | F88: 850 | J88: =J89 -> 14.4
A89: =A83 -> Общегосударственные вопросы | B89: 89 | C89: 1 | D89: 00 | E89: 41210 | F89: 850 | G89: 01 | J89: =J90 -> 14.4
A90: ='Приложение 2'!A37 -> Другие общегосударственные вопросы | B90: 89 | C90: 1 | D90: 00 | E90: 41210 | F90: 850 | G90: 01 | H90: 13 | J90: =J91 -> 14.4
A91: =A85 -> Администрация Белозерьевского сельского поселения Ромодановского муниципального района Республики Мордовия | B91: 89 | C91: 1 | D91: 00 | E91: 41210 | F91: 850 | G91: 01 | H91: 13 | I91: 911 | J91: ='Приложение 2'!J42 -> 14.4
A92: ='Приложение 2'!A68 -> Мероприятия по землеустройству и землепользованию | B92: 89 | C92: 1 | D92: 00 | E92: 42370 | J92: =J93 -> 40
A93: ='Приложение 2'!A69 -> Закупка товаров, работ и услуг для обеспечения государственных (муниципальных) нужд | B93: 89 | C93: 1 | D93: 00 | E93: 42370 | F93: 200 | J93: =J94 -> 40
A94: ='Приложение 2'!A70 -> Иные закупки товаров, работ и услуг для обеспечения государственных (муниципальных) нужд | B94: 89 | C94: 1 | D94: 00 | E94: 42370 | F94: 240 | J94: =J95 -> 40
A95: ='Приложение 2'!A52 -> Национальная экономика | B95: 89 | C95: 1 | D95: 00 | E95: 42370 | F95: 240 | G95: 04 | J95: =J96 -> 40
A96: ='Приложение 2'!A59 -> Другие вопросы в облости национальной экономики | B96: 89 | C96: 1 | D96: 00 | E96: 42370 | F96: 240 | G96: 04 | H96: 12 | J96: =J97 -> 40
A97: =A91 -> Администрация Белозерьевского сельского поселения Ромодановского муниципального района Республики Мордовия | B97: 89 | C97: 1 | D97: 00 | E97: 42370 | F97: 240 | G97: 04 | H97: 12 | I97: 911 | J97: ='Приложение 2'!J70 -> 40
A98: ='Приложение 2'!A47 -> Осуществление государственных полномочий Российской Федерации по воинскому учету в поселениях, на территориях которых отсутствуют структурные подразделения военных комиссариатов | B98: 89 | C98: 1 | D98: 00 | E98: 51180 | J98: =J99+J104 -> 435.3 | K98: =K99+K104 -> 469.9 | L98: =L99+L104 -> 485.1
A99: ='Приложение 2'!A48 -> Расходы на выплаты персоналу в целях обеспечения выполнения функций государственными (муниципальными) органами, казенными учреждениями, органами управления государственными внебюджетными фондами | B99: 89 | C99: 1 | D99: 00 | E99: 51180 | F99: 100 | J99: =J100 -> 430.3 | K99: =K100 -> 464.9 | L99: =L100 -> 480.1
A100: ='Приложение 2'!A49 -> Расходы на выплаты персоналу государственных (муниципальных) органов | B100: 89 | C100: 1 | D100: 00 | E100: 51180 | F100: 120 | J100: =J101 -> 430.3 | K100: =K101 -> 464.9 | L100: =L101 -> 480.1
...

Sheet прил 5
C2: Приложение 5 к решению Совета депутатов Белозерьевского сельского поселения Ромодановского муниципального района Республики Мордовия «О внесении изменений в решение Совета депутатов Белозерьевского сельского поселения Ромодановского муниципального района Республики Мордовия от 26 декабря 2024 г №61 «О бюджете Белозерьевского сельского поселения Ромодановского муниципального района Республики Мордовия на 2025 год и на плановый период 2026 и 2027 годов» Приложение 6 к решению Совета депутатов Белозерьевского сельского поселения Ромодановского муниципального района Республики Мордовия «О бюджете Белозерьевского сельского поселения Ромодановского муниципального района Республики Мордовия на 2025 год и на плановый период 2026 и 2027 годов»
A3: ИСТОЧНИКИ ВНУТРЕННЕГО ФИНАНСИРОВАНИЯ ДЕФИЦИТА БЮДЖЕТА БЕЛОЗЕРЬЕВСКОГО СЕЛЬСКОГО ПОСЕЛЕНИЯ РОМОДАНОВСКОГО МУНИЦИПАЛЬНОГО РАЙОНА РЕСПУБЛИКИ МОРДОВИЯ НА 2025 ГОД И НА ПЛАНОВЫЙ ПЕРИОД 2026 и 2027 ГОДОВ
A7: Код | B7: Наименование кода группы, подгруппы, статьи, вида источника финансирования дефицитов бюджетов, кода классификации операций сектора государственного управления, относящихся к источникам финансирования дефицитов бюджетов Российской Федерации | C7: Сумма (тыс. руб.)
C8: 2025 год | D8: 2026 год | E8: 2027 год
A9: 1 | B9: 2 | C9: 3 | D9: 4 | E9: 5
A10: 000 01 00 00 00 00 0000 000 | B10: ИСТОЧНИКИ ВНУТРЕННЕГО ФИНАНСИРОВАНИЯ ДЕФИЦИТОВ БЮДЖЕТОВ | C10: =C11+C22+C14+C18 -> 300 | D10: =D11+D22+D14+D18 -> 0 | E10: =E11+E22+E14+E18 -> 0
A11: 000 01 02 00 00 00 0000 000 | B11: Кредиты кредитных организаций в валюте Российской Федерации | C11: =SUM(C12) -> 0 | D11: =SUM(D12) -> 0 | E11: =SUM(E12) -> 0
A12: 000 01 02 00 00 00 0000 700 | B12: Привлечение кредитов от кредитных организаций в валюте Российской Федерации | C12: =SUM(C13) -> 0 | D12: =SUM(D13) -> 0 | E12: =SUM(E13) -> 0
A13: 000 01 02 00 00 05 0000 710 | B13: Привлечение кредитов от кредитных организаций бюджетами муниципальных районов в валюте Российской Федерации | C13: 0 | D13: 0 | E13: 0
A14: 000 01 03 00 00 00 0000 000 | B14: Бюджетные кредиты из других бюджетов бюджетной системы Российской Федерации | C14: =C15 -> 0 | D14: =D15 -> 0 | E14: =E15 -> 0
A15: 000 01 03 01 00 00 0000 000 | B15: Бюджетные кредиты из других бюджетов бюджетной системы Российской Федерации в валюте Российской Федерации | C15: =C16 -> 0 | D15: =D16 -> 0 | E15: =E16 -> 0
A16: 000 01 03 01 00 00 0000 800 | B16: Погашение бюджетных кредитов, полученных из других бюджетов бюджетной системы Российской Федерации в валюте Российской Федерации | C16: =SUM(C17) -> 0 | D16: =SUM(D17) -> 0 | E16: =SUM(E17) -> 0
A17: 000 01 03 01 00 05 0000 810 | B17: Погашение бюджетами муниципальных районов кредитов из других бюджетов бюджетной системы Российской Федерации в валюте Российской Федерации | C17: 0 | D17: 0 | E17: 0
A18: 000 01 06 00 00 00 0000 000 | B18: Иные источники внутреннего финансирования дефицитов бюджетов | C18: =C19 -> 0 | D18: =D19 -> 0 | E18: =E19 -> 0
A19: 000 01 06 05 00 00 0000 000 | B19: Бюджетные кредиты, предоставленные внутри страны в валюте Российской Федерации | C19: =C20 -> 0 | D19: =D20 -> 0 | E19: =E20 -> 0
A20: 000 01 06 05 02 00 0000 600 | B20: Возврат бюджетных кредитов, предоставленных другим бюджетам бюджетной системы Российской Федерации в валюте Российской Федерации | C20: =C21 -> 0 | D20: =D21 -> 0 | E20: =E21 -> 0
A21: 000 01 06 05 02 05 0000 640 | B21: Возврат бюджетных кредитов, предоставленных другим бюджетам бюджетной системы Российской Федерации из бюджетов муниципальных районов в валюте Российской Федерации
A22: 000 01 05 00 00 00 0000 000 | B22: Изменения остатков средств на счетах по учету средств бюджета | C22: =C25+C26 -> 300 | D22: =D25+D26 -> 0 | E22: =E25+E26 -> 0
A23: 000 01 05 02 00 00 0000 500 | B23: Увеличение прочих остатков средств бюджетов | C23: =SUM(C24) -> -4956.3 | D23: =SUM(D24) -> -3452.9 | E23: =SUM(E24) -> -3537.6
A24: 000 01 05 02 01 00 0000 510 | B24: Увеличение прочих остатков денежных средств бюджетов | C24: =SUM(C25) -> -4956.3 | D24: =SUM(D25) -> -3452.9 | E24: =SUM(E25) -> -3537.6
A25: 000 01 05 02 01 10 0000 510 | B25: Увеличение прочих остатков денежных средств бюджетов сельских поселений | C25: -4956.3 | D25: -3452.9 | E25: -3537.6
A26: 000 01 05 02 00 00 0000 600 | B26: Уменьшение прочих остатков средств бюджетов | C26: =SUM(C27) -> 5256.3 | D26: =SUM(D27) -> 3452.9 | E26: =SUM(E27) -> 3537.6
A27: 000 01 05 02 01 00 0000 610 | B27: Уменьшение прочих остатков денежных средств бюджетов | C27: =SUM(C28) -> 5256.3 | D27: =SUM(D28) -> 3452.9 | E27: =SUM(E28) -> 3537.6
A28: 000 01 05 02 01 05 0000 610 | B28: Уменьшение прочих остатков денежных средств бюджетов муниципальных районов | C28: 5256.3 | D28: 3452.9 | E28: 3537.6
A29: 000 01 00 00 00 00 0000 000 | B29: Итого источников внутреннего финансирования дефицита бюджета Белозерьевского сельского поселения Ромодановского муниципального района Республики Мордовия | C29: 0 | D29: 0 | E29: 0
B30: собственные доходы | C30: 1545.3 | D30: 1603.9 | E30: 1668.2
